 Dungeon Crawl Stone Soup version 0.19.1-1-g22dce08 (webtiles) character file.

84 Patate the Sneak (level 4, -4/21 HPs)
             Began as a Spriggan Enchanter on Jan 20, 2017.
             Slain by Grinder (6 damage)
             ... while paralysed by Grinder
             ... on level 3 of the Dungeon.
             The game lasted 00:13:08 (2736 turns).

Patate the Sneak (Spriggan Enchanter)               Turns: 2736, Time: 00:13:09

Health: -4/21      AC:  3    Str:  5    XL:     4   Next: 23%
Magic:  1/9        EV:  4    Int: 16    God:
Gold:   116        SH:  0    Dex: 16    Spells: 3 memorised, 2 levels left

rFire  . . .     SeeInvis +     a - +1 dagger
rCold  . . .     Gourm    .     b - +1 robe
rNeg   . . .     Faith    .     (shield restricted)
rPois  .         Spirit   .     (helmet restricted)
rElec  .         Reflect  .     (no cloak)
rCorr  .         Harm     .     (gloves unavailable)
MR     .....                    (boots unavailable)
Stlth  ++++......               (no amulet)
                                (no ring)
                                h - ring of see invisible

@: paralysed, very quick
A: unfitting armour, see invisible, herbivore 3, speed 3, slow metabolism 2
a: no special abilities


You were on level 3 of the Dungeon.
You were not hungry.

You visited 1 branch of the dungeon, and saw 3 of its levels.

You collected 116 gold pieces.

Inventory:

Hand Weapons
 a - a +1 dagger (weapon)
Armour
 b - a +1 robe (worn)
Jewellery
 h - a ring of see invisible (left hand)
Scrolls
 g - 3 scrolls of teleportation
 i - 2 scrolls of remove curse {unknown}
 l - a scroll of fog {unknown}
 m - a scroll of recharging {unknown}
 n - a scroll of blinking {unknown}
 o - 2 scrolls of random uselessness {unknown}
 p - a scroll of magic mapping {unknown}
Potions
 e - a potion of heal wounds
 f - a potion of brilliance {unknown}
 j - a potion of might
 k - a potion of curing {unknown}
Books
 c - a book of Maledictions

   Spells                             Type                      Level
   a - Corona                         Hexes                        1
   b - Ensorcelled Hibernation        Hexes/Ice                    2
   c - Confuse                        Hexes                        3
   d - Tukima's Dance                 Hexes                        3
   e - Dazzling Spray                 Conjuration/Hexes            3
Comestibles
 d - 2 bread rations


   Skills:
 - Level 1.1 Short Blades
 + Level 4.6 Dodging
 * Level 6.8 Stealth
 - Level 2.6 Spellcasting
 - Level 3.6 Hexes


You had 2 spell levels left.
You knew the following spells:

 Your Spells              Type           Power        Failure   Level  Hunger
a - Corona                Hex            ##.....      6%          1    #......
b - Ensorcelled Hibernat  Hex/Ice        #.....       17%         2    ##.....
c - Confuse               Hex            ##......     14%         3    ###....


Dungeon Overview and Level Annotations

Branches:
Dungeon (3/15)

Altars:
Okawaru
Trog
Yredelemnul

Annotations:
D:3 Grinder


Innate Abilities, Weirdness & Mutations

You are very small and have problems with some larger weapons.
You are too small for most types of armour.
You have supernaturally acute eyesight. (SInv)
You are a herbivore.
You cover ground extremely quickly.
You need consume almost no food.


Message History

Grinder closely misses you.
Casting: Confuse
Confirm with . or Enter, or press ? or * to list all spells.
You don't have enough magic to cast that spell.
Unknown command.
Casting: Confuse
Confirm with . or Enter, or press ? or * to list all spells.
You don't know that spell.
You hit Grinder but do no damage.
Grinder is lightly wounded.
Grinder gestures at you.
You suddenly lose the ability to move!
Grinder blinks! x2
Grinder hits you.
You writhe in agony.
Grinder hits you!
* * * LOW HITPOINT WARNING * * *
Grinder hits you.
* * * LOW HITPOINT WARNING * * *
You writhe in agony.
You die...

...#. ##...########
#...###............
.###...#............#
..................#.#
##...........##.#
##..<#......# #
###.##...###
##.....### ##.#@...#
#.#5##.# #.#.##.#
###.#.##.# .#
#......#.# .#.#
#.#.###..##.#.# #.#.#
#.......##
#.#.###..#......
#.##......#.####


You could see Grinder.

Vanquished Creatures
  A gnoll (D:1)
  An adder (D:2)
  An ooze (D:1)
  2 worms (D:2)
  A dart slug (D:2)
  2 leopard geckos
  A ball python (D:1)
  3 giant cockroaches
  7 goblins
  5 hobgoblins
  13 kobolds
  2 bats (D:2)
  6 frilled lizards
  5 rats
50 creatures vanquished.

Notes
Turn   | Place    | Note
-------+----------+-------------------------------------------
     0 | D:1      | Patate the Spriggan Enchanter began the quest for the Orb.
     0 | D:1      | Reached XP level 1. HP: 9/9 MP: 5/5
   428 | D:1      | Reached skill level 5 in Stealth
   428 | D:1      | Reached XP level 2. HP: 13/13 MP: 6/6
   432 | D:1      | Learned a level 2 spell: Ensorcelled Hibernation
   785 | D:1      | Reached XP level 3. HP: 16/16 MP: 2/8
  1060 | D:2      | Reached skill level 6 in Stealth
  1353 | D:2      | Found a basalt altar of Yredelemnul.
  1355 | D:2      | Found an iron altar of Okawaru.
  1358 | D:2      | Found a bloodstained altar of Trog.
  1848 | D:2      | Reached XP level 4. HP: 18/21 MP: 2/9
  2273 | D:3      | Noticed Grinder
  2334 | D:3      | Learned a level 3 spell: Confuse
  2731 | D:3      | Paralysed by Grinder for 7 turns
  2736 | D:3      | Slain by Grinder

Skill      XL: |  1  2  3 |
---------------+----------+-----
Stealth        | 5 6 |  6.8
Dodging        | 4 |  4.6
Short Blades   | |  1.1
Spellcasting   | |  2.6
Hexes          | |  3.6

Action                   |  1- 3 |  4- 6 || total
-------------------------+-------+-------++-------
Melee: Dagger            |   122 |    52 ||   174
 Cast: Corona            |     2 |       ||     2
       Ensorcelled Hiber |    13 |     5 ||    18
       Confuse           |       |     3 ||     3
  Use: Scroll            |     3 |       ||     3
 Stab: Sleeping          |    21 |     4 ||    25
  Eat: Pizza             |       |     1 ||     1
Armor: Robe              |    10 |     4 ||    14
Dodge: Dodged            |    93 |    39 ||   132
